 Dungeon Crawl Stone Soup version 0.29.1-1-gd02db6906a (webtiles) character file.

Game seed: 12424427885073546709

961 bronzecobra64 the Ruffian (level 7, -9/70 HPs)
             Began as a Troll Berserker on Oct 5, 2022.
             Was a Priest of Trog.
             Shot with a bolt by an orc warrior (13 damage)
             ... while paralysed by Grinder
             ... on level 5 of the Dungeon.
             The game lasted 00:18:38 (3571 turns).

bronzecobra64 the Ruffian (Troll Berserker)         Turns: 3571, Time: 00:18:39

Health: -9/70      AC:  5    Str: 28    XL:     7   Next: 92%
Magic:  6/6        EV:  1    Int:  3    God:    Trog [***...]
Gold:   234        SH:  0    Dex:  9    Spells: 6/6 levels left

rFire   . . .      SeeInvis .   l - +7 flail of Law {vamp, rN++}
rCold   . . .      Faith    .   (no shield)
rNeg    + + .      Spirit   .   q - +0 robe
rPois   .          Reflect  .   (helmet restricted)
rElec   .          Harm     .   d - +0 cloak
rCorr   .          Rampage  .   (gloves unavailable)
Will    .....                   (boots unavailable)
Stlth   +.........              (no amulet)
HPRegen 1.01/turn               s - +4 ring of evasion
MPRegen 0.10/turn               (no ring)

@: paralysed
A: large, unfitting armour, claws 3, regeneration 1, shaggy fur 1, tough skin 1
a: Renounce Religion, Berserk, Trog's Hand


You were on level 5 of the Dungeon.
You worshipped Trog.
Trog was most pleased with you.
You visited 1 branch of the dungeon, and saw 5 of its levels.

You collected 234 gold pieces.

Inventory:

Hand Weapons
 l - the +7 flail of Law (weapon) {vamp, rN++}
   (You found it on level 2 of the Dungeon)

   It occasionally heals its wielder for a portion of the damage dealt when it
   wounds a living foe.
   rN:        It greatly protects you from negative energy.
 z - a +1 vorpal falchion
Armour
 a - a +0 animal skin
 d - a +0 cloak (worn)
 q - a +0 robe (worn)
Jewellery
 s - a +4 ring of evasion (left claw)
Wands
 u - a wand of charming (10)
Scrolls
 c - 4 scrolls of immolation {unknown}
 f - 2 scrolls of vulnerability {unknown}
 h - 2 scrolls of fear {unknown}
 i - a scroll of enchant weapon {unknown}
 j - 2 scrolls of poison {unknown}
 n - 2 scrolls of enchant armour {unknown}
 o - a scroll of blinking {unknown}
 p - 3 scrolls of identify {unknown}
 r - a scroll of amnesia {unknown}
 t - 2 scrolls of magic mapping {unknown}
 w - a scroll of teleportation {unknown}
 y - a scroll of noise {unknown}
Potions
 b - 3 potions of heal wounds {unknown}
 e - 2 potions of haste {unknown}
 g - a potion of brilliance {unknown}
 k - 6 potions of curing {unknown}
 m - a potion of ambrosia {unknown}
 v - a potion of lignification {unknown}
 x - a potion of invisibility {unknown}


   Skills:
 + Level 4.0 Fighting
 + Level 0.2(2.0) Axes
 + Level 3.7 Maces & Flails
 + Level 4.6 Dodging
 + Level 0.7 Stealth
 + Level 5.5 Unarmed Combat


You had 6 spell levels left.
You didn't know any spells.
Your spell library contained the following spells:

 Spells                   Type           Power      Damage    Failure   Level
 Foxfire                  Conj/Fire      0%         2x1d4     52%         1
 Conjure Flame            Conj/Fire      0%         6-21      88%         3
 Inner Flame              Hex/Fire       0%         N/A       88%         3
 Portal Projectile        Hex/Tloc       0%         N/A       88%         3
 Tukima's Dance           Hex            0%         N/A       88%         3
 Flame Wave               Conj/Fire      0%         2d4       99%         4
 Blade Hands              Tmut           0%         N/A       100%        5


Dungeon Overview and Level Annotations

Branches:
Dungeon (5/15)
 Temple: D:4-7

Altars:
Cheibriados
Makhleb
Trog
Wu Jian

Shops:
D:3 (

Annotations:
D:5 Grinder


Innate Abilities, Weirdness & Mutations

You are too large for most types of armour.
You have claws for hands.
Your natural rate of healing is unusually fast.
You are covered in fur. (AC +1)
You have tough skin. (AC +1)


Message History

Trog accepts your kill. The orc barely misses you. The orc misses you.
The orc barely misses you.
Grinder blinks!
You sock the orc!
You kill the orc!
Trog accepts your kill.
An orc comes into view. It is wielding a +0 flail.
Grinder hits you.
You writhe in agony.
An orc warrior comes into view. It is wielding a +0 morningstar.
The orc shouts!
You hear a shout!
Things that are here:
a +0 hand axe; an orc corpse You closely miss Grinder.
Grinder closely misses you.
You sock Grinder!
Grinder is moderately wounded.
Grinder barely misses you.
The orc warrior unwields a +0 morningstar.
The orc warrior wields a +0 arbalest.
The orc warrior shoots a bolt.
The bolt hits you!
You hear a shout!
Found a spear.
A scorpion comes into view.
Grinder hits you but does no damage.
The scorpion moves out of view.
Grinder gestures at you.
You suddenly lose the ability to move!
Grinder gestures at you. You resist with significant effort.
The orc warrior shoots a bolt.
The bolt hits you! Grinder hits you!
The orc warrior shoots a bolt.
The bolt hits you!
* * * LOW HITPOINT WARNING * * *
An orc comes into view. It is wielding a +0 dagger.
Grinder hits you.
* * * LOW HITPOINT WARNING * * *
The orc barely misses you.
The orc warrior shoots a bolt.
The bolt hits you!
* * * LOW HITPOINT WARNING * * *
The orc shouts!
Grinder gestures at you. You resist with significant effort.
The orc hits you but does no damage.
The orc warrior shoots a bolt.
The bolt hits you!
You die...

...... ####### . .. o..
#.....## .. ...o..
#.PPP.#. ... o#..
+.P...#. ....
.o..##.+.P._.#.
.....####.# ..#.+.P.$.#.
..........# #.#.#.PPP.#.
......#o)## #.###.....##
.......@5.# #...#######.
..........####.(.##.....
....##......##...####..#
... #......)........<.#
). #.....#............ .
###...............#
#####............ ..
#............ #.
###...#.#####


You could see Grinder, an orc warrior, an orc wizard and 3 orcs.

Vanquished Creatures
  Sigmund (D:3)
  Eustachio (D:4)
  A phantom (D:4)
  A scorpion (D:5)
  A howler monkey (D:5)
  An orc priest (D:5)
  2 hounds (D:4)
  A jelly (D:4)
  3 iguanas
  Ijyb (D:3)
  Natasha (D:3)
  Terence (D:2)
  9 adders
  4 gnolls (D:4)
  A white imp (D:5)
  2 worms
  2 dart slugs (D:4)
  5 orcs
  10 ball pythons
  2 bats (D:2)
  8 endoplasms
  2 giant cockroaches
  6 goblins
  4 hobgoblins
  3 jackals (D:5)
  7 kobolds
  4 quokkas
  4 frilled lizards
  4 rats
92 creatures vanquished.

Notes
Turn   | Place    | Note
-------+----------+-------------------------------------------
     0 | D:1      | bronzecobra64 the Troll Berserker began the quest for the
                  | Orb.
     0 | D:1      | Reached XP level 1. HP: 22/22 MP: 0/0
    51 | D:1      | Found a faded altar of an unknown god.
   141 | D:1      | Reached XP level 2. HP: 29/29 MP: 1/1
   743 | D:2      | Noticed Terence
   755 | D:2      | Killed Terence
   756 | D:2      | Reached XP level 3. HP: 29/36 MP: 2/2
   863 | D:2      | Found a snail-covered altar of Cheibriados.
   943 | D:2      | Identified the +7 flail of Law {vamp, rN++}
  1050 | D:2      | Reached ** piety under Trog
  1053 | D:2      | Reached XP level 4. HP: 45/45 MP: 3/3
  1283 | D:2      | Reached skill level 4 in Unarmed Combat
  1770 | D:3      | Noticed Sigmund
  1781 | D:3      | Killed Sigmund
  1782 | D:3      | Reached skill level 5 in Unarmed Combat
  1782 | D:3      | Reached XP level 5. HP: 10/53 MP: 4/4
  1890 | D:3      | Found Dirotitz's Antique Weapon Shop.
  2059 | D:3      | Noticed Ijyb
  2068 | D:3      | Killed Ijyb
  2069 | D:3      | Reached XP level 6. HP: 21/61 MP: 5/5
  2399 | D:3      | Noticed Natasha
  2413 | D:3      | Killed Natasha
  2546 | D:4      | Found a bloodstained altar of Trog.
  2546 | D:4      | Found an ornate altar of the Wu Jian Council.
  2900 | D:4      | Reached skill level 1 in Maces & Flails
  2948 | D:4      | Reached *** piety under Trog
  3019 | D:4      | Reached XP level 7. HP: 67/67 MP: 6/6
  3262 | D:4      | Noticed Eustachio
  3304 | D:4      | Killed Eustachio
  3336 | D:5      | Entered Level 5 of the Dungeon
  3486 | D:5      | Found a burning altar of Makhleb.
  3558 | D:5      | Noticed Grinder
  3567 | D:5      | Paralysed by Grinder for 5 turns
  3570 | D:5      | HP: 3/70 [orc warrior/bolt (16)]
  3571 | D:5      | Shot with a bolt by an orc warrior

Illustrated notes

Levels and vault maps discovered:
D:1:      lemuel_arrival_lava_pool, layout_rooms,
          ebering_ecumenical_altar_sacrificial
D:2:      layout_loops_corners, basic_altar, kennysheep_minor_cross,
          uniq_terence
D:3:      layout_basic, serial_shops, nicolae_shop_trees, uniq_ijyb,
          uniq_natasha, uniq_sigmund
D:4:      layout_cave_pools, gammafunk_temple_overflow_wave,
          minmay_snake_closets, uniq_crazy_yiuf_cottage, uniq_eustachio
D:5:      layout_rooms, mainiacjoe_overflow_alcove_4, uniq_grinder

Skill      XL: |  1  2  3  4  5  6  7 |
---------------+----------------------+-----
Fighting       | 3 4 |  4.0
Dodging        | 3 4 |  4.6
Unarmed Combat | 5 |  5.5
Maces & Flails | 1 3 |  3.7
Axes           | |  0.2
Stealth        | |  0.7

Action                   |  1- 3 |  4- 6 |  7- 9 || total
-------------------------+-------+-------+-------++-------
Melee: Unarmed           |    61 |    41 |       ||   102
       Hand axe          |    12 |       |       ||    12
       Flail             |       |    79 |    77 ||   156
       Punch             |       |     2 |     1 ||     3
Armor: Animal skin       |    26 |     6 |       ||    32
       Robe              |       |    25 |    34 ||    59
Dodge: Dodged            |    45 |   125 |    94 ||   264
